 Dungeon Crawl Stone Soup version 0.31.0-11-ge490571c62 (webtiles) character file.

Game seed: 71633505784353968

4761 qw the Markself (level 10, -6/58 HPs)
             Began as a Deep Elf Hunter on Feb 3, 2024.
             Was an Elder of Okawaru.
             Mangled by an orc warrior
             ... wielding a +0 scimitar
              (7 damage)
             ... on level 9 of the Dungeon.
             The game lasted 00:00:43 (7810 turns).

qw the Markself (Deep Elf Hunter)                   Turns: 7810, Time: 00:00:44

Health: -6/58      AC: 11    Str: 12    XL:     10   Next: 23%
Magic:  15/15      EV: 11    Int: 15    God:    Okawaru [****..]
Gold:   292        SH:  0    Dex: 18    Spells: 9/9 levels left

rFire   . . .        c - +0 orcbow
rCold   + + .        (shield currently unavailable)
rNeg    . . .        r - +1 scale mail {rC+}
rPois   +            k - +0 helmet
rElec   .            (no cloak)
rCorr   .            (no gloves)
SInv    .            e - +1 pair of boots
Will    +....        (no amulet)
Stlth   +            b - ring of poison resistance
HPRegen 0.29/turn    h - ring of protection from cold
MPRegen 0.14/turn

%: no passive effects
@: no status effects
A: no striking features
a: Renounce Religion, Heroism, Finesse


You were on level 9 of the Dungeon.
You worshipped Okawaru.
Okawaru was greatly pleased with you.
You visited 1 branch of the dungeon, and saw 9 of its levels.

You collected 412 gold pieces.
You spent 120 gold pieces at shops.


   Skills:
 + Level 4.8 Fighting
 - Level 16.0 Ranged Weapons
 - Level 3.0 Armour
 - Level 5.3 Dodging
 - Level 1.2 Stealth
 + Level 4.9 Invocations


You had 9 spell levels left.
You didn't know any spells.
Your spell library was empty.

Inventory:

Hand Weapons
 c - a +0 orcbow (weapon)
Armour
 e - a +1 pair of boots (worn)
 g - a +1 ring mail
 k - a +0 helmet (worn)
 r - a +1 scale mail of cold resistance (worn)
Jewellery
 b - a ring of poison resistance (left hand)
 h - a ring of protection from cold (right hand)
 m - a ring of positive energy
Wands
 n - a wand of polymorph (9)
 q - a wand of digging (5)
Scrolls
 a - a scroll of torment {unknown}
 f - a scroll of enchant weapon {unknown}
Potions
 d - 2 potions of mutation
 i - a potion of magic
 j - a potion of enlightenment {unknown}
 o - 2 potions of curing
 p - a potion of might

Dungeon Overview and Level Annotations

Branches:
Dungeon (9/15)             Temple (0/1) D:5
   Lair: D:8-11         Orc: D:9-12

Altars:
Ashenzari
Makhleb
Nemelex Xobeh
Okawaru
Uskayaw
Yredelemnul

Shops:
D:4 [   D:7 *   D:8 :

Annotations:
D:5 1 runed translucent door, Crazy Yiuf
D:9 exclusion: electric eel


Message History

The arrow hits the orc warrior but does no damage.
The orc warrior is moderately wounded.
You shoot an arrow.
The arrow hits the orc warrior but does no damage.
The orc warrior is moderately wounded.
The orc warrior hits you with a +0 scimitar.
You shoot an arrow. The arrow hits the orc warrior.
The orc warrior is moderately wounded.
An orc priest comes into view. It is wielding a +0 morningstar.
The orc warrior barely misses you.
You shoot an arrow.
The arrow barely misses the orc warrior.
The orc priest shouts!
The arrow hits the orc!
You kill the orc!
Okawaru accepts your kill. The orc warrior barely misses you.
An orc comes into view. It is wielding a +0 club.
You shoot an arrow.
The arrow hits the orc warrior but does no damage.
The orc warrior is moderately wounded.
The orc warrior hits you with a +0 scimitar!
The orc warrior hits you but does no damage.
You shoot an arrow. The arrow hits the orc warrior!
The orc warrior is severely wounded.
The orc priest mumbles some strange prayers to Beogh against you.
Beogh smites you!
The orc warrior hits you with a +0 scimitar.
The orc warrior closely misses you.
You shoot an arrow.
The arrow closely misses the orc warrior.
The arrow hits the orc warrior but does no damage.
The orc warrior hits you with a +0 scimitar!
The orc warrior hits you from afar with a +0 glaive of flaming.
The orc warrior burns you.
You shoot an arrow. The arrow hits the orc warrior!
The orc warrior is almost dead.
The orc warrior hits you but does no damage.
The orc warrior hits you with a +0 scimitar!
You die...

##... #.####
....##..##..#####+##
............)......#
~~~~~~~~~~~~~~~~~8.#
~~~~~~~~~~~~~~~~8~.#
##############).~~.#####
.....#.~~.....#
....o##~~.....#
).).ooo@......#
....o##~~.....# ....
#.~~...>.# # #
#'.~~.#.### ~~~~8~.#.#
~~~~~~8...# ..........##
#########+#


You could see 2 orc warriors, an orc priest and 2 orcs.

Vanquished Creatures
  A two-headed ogre (D:9)
  Joseph (D:8)
  A hornet (D:8)
  A wraith (D:7)
  6 yaks (D:9)
  A steam dragon (D:8)
  A water moccasin (D:5)
  An orc warrior (D:9)
  An ice beast (D:8)
  An ogre (D:9)
  4 centaurs
  2 bullfrogs
  A gnoll sergeant (D:9)
  2 scorpions
  4 wights (D:8)
  4 killer bees (D:7)
  2 bombardier beetles
  A hound (D:5)
  5 orc priests
  6 jellies
  6 sleepcaps
  A gnoll bouda (D:6)
  Jessica (D:2)
  2 iguanas
  5 orc wizards
  10 gnolls
  10 adders
  A shadow imp (D:7)
  2 white imps (D:6)
  2 ufetubi (D:5)
  3 ribbon worms
  2 dart slugs
  21 orcs
  10 endoplasms
  A giant cockroach (D:2)
  5 goblins
  4 hobgoblins
  3 jackals (D:2)
  11 kobolds
  4 quokkas
  4 ball pythons
  2 bats
  3 frilled lizards
  A rat (D:3)
  A spectral kobold (D:1)
161 creatures vanquished.

Notes
Turn   | Place    | Note
-------+----------+-------------------------------------------
     0 | D:1      | qw the Deep Elf Hunter began the quest for the Orb.
     0 | D:1      | Reached XP level 1. HP: 12/12 MP: 3/3
     0 | D:1      | 0 ||| qw: Version: 0.3-a-157-g843a77d
     0 | D:1      | 0 ||| qw: Game counter: 3759
     0 | D:1      | 0 ||| qw: Melee chars always use a shield: true
     0 | D:1      | 0 ||| qw: God list: Okawaru
     0 | D:1      | 0 ||| qw: Allow faded altars: false
     0 | D:1      | 0 ||| qw: Do Orc after clearing Dungeon:15 true
     0 | D:1      | 0 ||| qw: Do second Lair branch before Depths: true
     0 | D:1      | 0 ||| qw: Lair rune preference: random
     0 | D:1      | 0 ||| qw: Goals: Normal
     0 | D:1      | 0 ||| PLANNING D:1-11
   192 | D:1      | Found a faded altar of an unknown god.
   289 | D:1      | Reached skill level 6 in Ranged Weapons
   289 | D:1      | Reached XP level 2. HP: 16/16 MP: 4/4
   596 | D:1      | 596 ||| UPGRADING to +0 ring mail.
   606 | D:1      | 606 ||| DROPPING +0 leather armour.
   607 | D:1      | 607 ||| READING scroll labelled QUCLENELLY.
   708 | D:1      | 708 ||| READING 2 scrolls labelled REKLOWYCW IQ LUU.
   708 | D:1      | 708 ||| IDENTIFYING emerald potion
   709 | D:1      | 709 ||| READING scroll of identify.
   709 | D:1      | 709 ||| IDENTIFYING 3 scrolls labelled WICKUCLONIJ
   710 | D:1      | 710 ||| DROPPING scroll of butterflies.
   711 | D:1      | 711 ||| DROPPING 3 scrolls of blinking.
   782 | D:2      | 782 ||| FLEEEEING.
   783 | D:2      | 783 ||| FLEEEEING.
   784 | D:2      | 784 ||| FLEEEEING.
   786 | D:2      | 786 ||| FLEEEEING.
   787 | D:2      | 787 ||| FLEEEEING.
   788 | D:2      | 788 ||| FLEEEEING.
   790 | D:2      | 790 ||| FLEEEEING.
   791 | D:2      | 791 ||| FLEEEEING.
   792 | D:2      | 792 ||| FLEEEEING.
   793 | D:2      | 793 ||| FLEEEEING.
   796 | D:2      | 796 ||| STAIRDANCE
   880 | D:2      | Reached XP level 3. HP: 18/20 MP: 5/5
   932 | D:2      | Noticed Jessica
   937 | D:2      | 937 ||| FLEEEEING.
   938 | D:2      | 938 ||| FLEEEEING.
   939 | D:2      | 939 ||| FLEEEEING.
   940 | D:2      | 940 ||| FLEEEEING.
   941 | D:2      | Killed Jessica
   942 | D:2      | Reached skill level 7 in Ranged Weapons
  1036 | D:2      | Reached XP level 4. HP: 15/25 MP: 6/6
  1293 | D:2      | Found an iron altar of Okawaru.
  1293 | D:2      | Found a broken altar of Ashenzari.
  1293 | D:2      | Found a basalt altar of Yredelemnul.
  1293 | D:2      | Found a hide-covered altar of Uskayaw.
  1293 | D:2      | Found a burning altar of Makhleb.
  1293 | D:2      | Found a sparkling altar of Nemelex Xobeh.
  1294 | D:2      | 1294 ||| PLANNING OKAWARU WORSHIP
  1294 | D:2      | 1294 ||| RETREEEEATING.
  1295 | D:2      | 1295 ||| READING 2 scrolls of identify.
  1295 | D:2      | 1295 ||| IDENTIFYING 2 bubbling golden potions
  1296 | D:2      | 1296 ||| READING scroll of identify.
  1296 | D:2      | 1296 ||| IDENTIFYING scroll labelled RYFEIH CAMIST
  1297 | D:2      | 1297 ||| READING scroll of brand weapon.
  1297 | D:2      | 1297 ||| BRANDING +0 shortbow.
  1304 | D:2      | Reached skill level 8 in Ranged Weapons
  1304 | D:2      | 1304 ||| FLEEEEING.
  1305 | D:2      | 1305 ||| FLEEEEING.
  1311 | D:2      | Reached XP level 5. HP: 28/29 MP: 7/7
  1317 | D:2      | 1317 ||| DROPPING 2 potions of lignification.
  1329 | D:2      | Became a worshipper of Warmaster Okawaru
  1330 | D:2      | 1330 ||| PLANNING D:1-11
  1686 | D:2      | Reached skill level 9 in Ranged Weapons
  1799 | D:2      | 1799 ||| UPGRADING to ring of poison resistance.
  1800 | D:2      | 1800 ||| DROPPING ring of magical power.
  1801 | D:2      | 1801 ||| READING scroll of identify.
  1801 | D:2      | 1801 ||| IDENTIFYING murky ruby potion
  1802 | D:2      | 1802 ||| READING scroll labelled AKLOANN QULAT.
  1802 | D:2      | 1802 ||| ENCHANTING +0 ring mail.
  2206 | D:3      | 2206 ||| UPGRADING to +0 pair of boots.
  2211 | D:3      | 2211 ||| UPGRADING to ring of protection from cold.
  2284 | D:4      | Reached XP level 6. HP: 35/35 MP: 8/8
  2555 | D:4      | Found Haida's Dragon-Slaying Spoils.
  2562 | D:4      | 2562 ||| SHOPLISTING +0 acid dragon scales (520 gold, have
                  | 222).
  2562 | D:4      | 2562 ||| SHOPLISTING +0 ice dragon scales (780 gold, have
                  | 222).
  2562 | D:4      | 2562 ||| SHOPLISTING +0 pearl dragon scales (1300 gold,
                  | have 222).
  2562 | D:4      | 2562 ||| SHOPLISTING +0 swamp dragon scales (650 gold, have
                  | 222).
  2562 | D:4      | 2562 ||| SHOPLISTING +5 fire dragon scales "Xeid" {rF++ rC-
                  | Str+3} (1277 gold, have 222).
  2562 | D:4      | 2562 ||| SHOPLISTING quicksilver dragon scales (780 gold,
                  | have 222).
  2869 | D:4      | 2869 ||| READING scroll of identify.
  2869 | D:4      | 2869 ||| IDENTIFYING metallic yellow potion
  2870 | D:4      | 2870 ||| READING scroll labelled VIDOLU ICWOZUP.
  2875 | D:4      | 2875 ||| READING scroll labelled DEPAQUXTOD.
  2876 | D:4      | 2876 ||| READING scroll labelled APIJAF FOERA.
  2908 | D:5      | Entered Level 5 of the Dungeon
  2932 | D:5      | 2932 ||| FLEEEEING.
  2937 | D:5      | Reached skill level 10 in Ranged Weapons
  2940 | D:5      | 2940 ||| STAIRDANCE
  3021 | D:5      | 3021 ||| READING scroll of enchant armour.
  3021 | D:5      | 3021 ||| ENCHANTING +0 pair of boots.
  3037 | D:5      | Reached skill level 3 in Dodging
  3119 | D:5      | Found a staircase to the Ecumenical Temple.
  3174 | D:5      | Reached skill level 1 in Armour
  3254 | D:5      | Noticed a water moccasin
  3255 | D:5      | 3255 ||| ZAPPING wand of light (8) at -5,-1 (water
                  | moccasin; floor).
  3256 | D:5      | 3256 ||| ZAPPING wand of light (7) at -4,-1 (water
                  | moccasin; floor).
  3257 | D:5      | 3257 ||| ZAPPING wand of light (6) at -5,-1 (water
                  | moccasin; floor).
  3258 | D:5      | 3258 ||| ZAPPING wand of light (5) at -3,0 (water moccasin;
                  | floor).
  3259 | D:5      | 3259 ||| ZAPPING wand of light (4) at -4,0 (water moccasin;
                  | floor).
  3259 | D:5      | Killed a water moccasin
  3260 | D:5      | Reached XP level 7. HP: 40/40 MP: 9/9
  3388 | D:5      | Found a runed translucent door.
  3389 | D:5      | Noticed Crazy Yiuf
  3497 | D:5      | You fall into a shaft and drop 1 floor!
  3519 | D:6      | Reached skill level 11 in Ranged Weapons
  3591 | D:6      | Reached * piety under Okawaru
  3665 | D:6      | Reached skill level 1 in Invocations
  3906 | D:6      | 3906 ||| UPGRADING to +0 helmet.
  3911 | D:6      | 3911 ||| READING scroll of identify.
  3911 | D:6      | 3911 ||| IDENTIFYING ruby potion
  3912 | D:6      | 3912 ||| DROPPING potion of degeneration.
  4509 | D:6      | 4509 ||| RETREEEEATING.
  5007 | D:6      | 5007 ||| READING scroll labelled MIOGRU LAET.
  5028 | D:7      | 5028 ||| STAIRDANCE
  5038 | D:7      | 5038 ||| STAIRDANCE
  5043 | D:7      | Noticed a wraith
  5044 | D:7      | 5044 ||| STAIRDANCE
  5052 | D:7      | 5052 ||| STAIRDANCE
  5073 | D:7      | 5073 ||| ZAPPING wand of light (3) at 1,-1 (wraith; floor).
  5074 | D:7      | 5074 ||| ZAPPING wand of light (2) at 1,-1 (wraith; floor).
  5075 | D:7      | 5075 ||| ZAPPING wand of light (1) at 1,-1 (wraith; floor).
  5076 | D:7      | 5076 ||| INVOKING Heroism.
  5082 | D:7      | Killed a wraith
  5083 | D:7      | Reached skill level 12 in Ranged Weapons
  5083 | D:7      | Reached skill level 3 in Invocations
  5083 | D:7      | Reached XP level 8. HP: 28/44 MP: 10/12
  5171 | D:7      | 5171 ||| RETREEEEATING.
  5200 | D:7      | Reached skill level 3 in Fighting
  5522 | D:7      | Reached ** piety under Okawaru
  5584 | D:7      | Reached skill level 13 in Ranged Weapons
  5673 | D:7      | Found Poexekk's CLEARANCE SALE!.
  5681 | D:7      | 5681 ||| BUYING ring of positive energy (120 gold).
  5681 | D:7      | Bought a ring of positive energy for 120 gold pieces
  5716 | D:7      | 5716 ||| DRINKING 2 lumpy golden potions.
  5717 | D:7      | 5717 ||| DROPPING potion of attraction.
  5781 | D:8      | Found Olic's Self-Improvement Boutique.
  5855 | D:8      | Noticed a hornet
  5856 | D:8      | 5856 ||| INVOKING Heroism.
  5864 | D:8      | 5864 ||| RETREEEEATING.
  5866 | D:8      | Killed a hornet
  5969 | D:8      | 5969 ||| RETREEEEATING.
  5970 | D:8      | 5970 ||| RETREEEEATING.
  5978 | D:8      | Reached XP level 9. HP: 49/50 MP: 14/14
  5984 | D:8      | Reached skill level 14 in Ranged Weapons
  6108 | D:8      | HP: 11/45 [wight/+0 war axe (8)]
  6109 | D:8      | 6109 ||| READING scroll of teleportation.
  6110 | D:8      | 6110 ||| DRINKING 3 potions of heal wounds.
  6186 | D:8      | 6186 ||| Stepping ~*~*~tactically~*~*~ (cloud).
  6194 | D:8      | HP: 10/45 [something (4)]
  6195 | D:8      | 6195 ||| Stepping ~*~*~tactically~*~*~ (cloud).
  6484 | D:8      | Noticed Joseph
  6485 | D:8      | 6485 ||| INVOKING Heroism.
  6495 | D:8      | 6495 ||| FLEEEEING.
  6496 | D:8      | 6496 ||| STAIRDANCE
  6496 | D:8      | HP: 10/49 [Joseph/sling bullet (7)]
  6636 | D:7      | 6636 ||| UPGRADING to +1 scale mail of cold resistance.
  6646 | D:7      | 6646 ||| READING 2 scrolls of identify.
  6646 | D:7      | 6646 ||| IDENTIFYING fizzy brown potion
  6647 | D:7      | 6647 ||| READING scroll of identify.
  6647 | D:7      | 6647 ||| IDENTIFYING golden potion
  6648 | D:7      | 6648 ||| READING scroll labelled TIPAME SIAM.
  6649 | D:7      | 6649 ||| DROPPING wand of flame (31).
  6652 | D:8      | 6652 ||| INVOKING Heroism.
  6659 | D:8      | Killed Joseph
  6660 | D:8      | Reached skill level 3 in Armour
  6915 | D:9      | 6915 ||| SWAPPING to +0 orcbow.
  6916 | D:9      | 6916 ||| DROPPING +0 shortbow of freezing.
  6972 | D:9      | Noticed a two-headed ogre
  6973 | D:9      | 6973 ||| RETREEEEATING.
  6974 | D:9      | 6974 ||| RETREEEEATING.
  6975 | D:9      | 6975 ||| RETREEEEATING.
  6978 | D:9      | 6978 ||| INVOKING Heroism.
  6989 | D:9      | HP: 10/52 [two-headed ogre/+0 giant spiked club (19)]
  6990 | D:9      | 6990 ||| DRINKING 2 potions of heal wounds.
  6992 | D:9      | HP: 2/52 [two-headed ogre/+0 giant spiked club (26)]
  6993 | D:9      | 6993 ||| DRINKING potion of heal wounds.
  6995 | D:9      | Killed a two-headed ogre
  6995 | D:9      | Reached *** piety under Okawaru
  6996 | D:9      | Reached skill level 15 in Ranged Weapons
  7394 | D:9      | Reached **** piety under Okawaru
  7488 | D:9      | 7488 ||| RETREEEEATING.
  7491 | D:9      | 7491 ||| INVOKING Finesse.
  7492 | D:9      | 7492 ||| INVOKING Finesse.
  7494 | D:9      | 7494 ||| RETREEEEATING.
  7497 | D:9      | 7497 ||| RETREEEEATING.
  7498 | D:9      | 7498 ||| RETREEEEATING.
  7499 | D:9      | 7499 ||| RETREEEEATING.
  7511 | D:9      | Reached skill level 16 in Ranged Weapons
  7511 | D:9      | Reached XP level 10. HP: 53/56 MP: 10/15
  7535 | D:9      | 7535 ||| FLEEEEING.
  7539 | D:9      | 7539 ||| FLEEEEING.
  7540 | D:9      | 7540 ||| FLEEEEING.
  7809 | D:9      | HP: 10/58 [orc warrior/+0 scimitar (13)]
  7809 | D:9      | HP: 4/58 [orc warrior/+0 glaive of flaming (6)]
  7809 | D:9      | HP: 1/58 [orc warrior/+0 glaive of flaming (3)]
  7810 | D:9      | Mangled by an orc warrior

Levels and vault maps discovered:
D:1:      tarquinn_simple_flora_water_f, layout_rooms,
          dreamdust_ecumenical_altar_drowned_temple, interstate_on_off,
          hangedman_decor_points, nicolae_figureground_sparkle
D:2:      cheibrodos_fertilizer, layout_basic, minmay_misc_feat_plants,
          kennysheep_nub, uniq_jessica
D:3:      layout_rooms, minmay_gold_behind_fungi
D:4:      layout_basic, nicolae_shop_dragon_depot, skrybe_limestone_x
D:5:      layout_loops_ring, minmay_temple_entry_trees, nicolae_half_adder,
          uniq_crazy_yiuf_cottage
D:6:      layout_basic
D:7:      layout_rooms, nicolae_shop_clearance
D:8:      layout_loops_ring, serial_aquarium, aquarium_bridge_square
          [aquarium_subvault_wall, aquarium_subvault_bridge,
          aquarium_subvault_bridge, aquarium_subvault_window],
          aquarium_window_2, aquarium_window_corridor_1, aquarium_window_fake,
          aquarium_window_2, aquarium_view_2d, aquarium_balcony_1a,
          nicolae_shop_self_help, uniq_joseph
D:9:      layout_roguey, erik_orc_2, grunt_ogre_cave, grunt_ministairs_1

Skill      XL: |  1  2  3  4  5  6  7  8  9 |
---------------+----------------------------+-----
Ranged Weapons | 6 7 8 9 10 12 13 16 | 16.0
Fighting       | 2 3 4 |  4.8
Dodging        | 3 4 5 |  5.3
Armour         | 1 3 |  3.0
Invocations    | 3 4 |  4.9
Stealth        | |  1.2

Action                     |  1- 3 |  4- 6 |  7- 9 | 10-12 || total
---------------------------+-------+-------+-------+-------++-------
   Fire: Shortbow          |    59 |   183 |   279 |       ||   521
         Orcbow            |       |       |    80 |    95 ||   175
 Invoke: Heroism           |       |       |     5 |       ||     5
         Finesse           |       |       |     1 |       ||     1
  Evoke: Wand              |       |     5 |     3 |       ||     8
    Use: Scroll            |     3 |    10 |     6 |       ||    19
         Potion            |       |       |     4 |       ||     4
 Armour: Leather armour    |     6 |       |       |       ||     6
         Ring mail         |    11 |    40 |   115 |       ||   166
         Scale mail        |       |       |    32 |    22 ||    54
  Dodge: Dodged            |    13 |    41 |   128 |     9 ||   191

Table legend:
 A = Non-vault XP
 B = Vault XP
 C = Vault XP percentage of total XP
 D = Non-vault monster count
 E = Vault monster count
 F = Vault count percentage of total count
                 A         B        C        D         E       F
            +---------+---------+-------+---------+---------+-------
      Total |    4681 |    2121 |  31.2 |     117 |      44 |  27.3
            +---------+---------+-------+---------+---------+-------
        D:1 |      21 |       1 |   4.5 |      11 |       1 |   8.3
        D:2 |      81 |     185 |  69.5 |      22 |      16 |  42.1
        D:3 |      66 |       0 |   0.0 |      10 |       0 |   0.0
        D:4 |      94 |       0 |   0.0 |       5 |       0 |   0.0
        D:5 |     373 |      80 |  17.7 |      12 |       6 |  33.3
        D:6 |     479 |       0 |   0.0 |      17 |       0 |   0.0
        D:7 |     965 |       0 |   0.0 |      17 |       0 |   0.0
        D:8 |    1011 |     471 |  31.8 |      10 |       1 |   9.1
        D:9 |    1591 |    1384 |  46.5 |      13 |      20 |  60.6
            +---------+---------+-------+---------+---------+-------
